 Dungeon Crawl Stone Soup version 0.31-a0-198-g2ad674f65e (webtiles) character file.

Game seed: 9162062473350564462

3458 qw the Markself (level 9, -5/52 HPs)
             Began as a Deep Elf Hunter on June 25, 2023.
             Was a Believer of Okawaru.
             Slain by a yak (11 damage)
             ... on level 9 of the Dungeon.
             The game lasted 00:02:05 (5966 turns).

qw the Markself (Deep Elf Hunter)                   Turns: 5966, Time: 00:02:06

Health: -5/52      AC:  8    Str: 12    XL:     9   Next: 78%
Magic:  12/14      EV: 19    Int: 15    God:    Okawaru [**....]
Gold:   379        SH:  0    Dex: 18    Spells: 8/8 levels left

rFire   + . .        Y - +0 orcbow (heavy)
rCold   + . .        (shield currently unavailable)
rNeg    . . .        m - +1 robe {rC+ rF+}
rPois   .            p - +0 helmet
rElec   .            o - scarf {repulsion}
rCorr   .            (no gloves)
SInv    .            k - +2 pair of boots
Will    ++...        e - amulet of the acrobat
Stlth   +++          g - ring of willpower
HPRegen 0.28/turn    d - ring of willpower
MPRegen 0.14/turn

%: repel missiles, acrobat
@: about to teleport, heroic
A: no striking features
a: Renounce Religion, Heroism


You were on level 9 of the Dungeon.
You worshipped Okawaru.
Okawaru was pleased with you.
You visited 2 branches of the dungeon, and saw 10 of its levels.

You collected 491 gold pieces.
You spent 112 gold pieces at shops.


   Skills:
 - Level 4.1(9.1) Fighting
 + Level 15.4(20.4) Ranged Weapons
 - Level 1.3(6.3) Armour
 - Level 6.1(11.1) Dodging
 - Level 1.2(6.2) Stealth
 - Level 4.2 Invocations


You had 8 spell levels left.
You didn't know any spells.
Your spell library was empty.

Inventory:

Hand Weapons
 Y - a +0 heavy orcbow (weapon)
Armour
 h - a +1 cloak
 j - a +0 ring mail
 k - a +2 pair of boots (worn)
 m - a +1 robe of resistance (worn)
 n - a +1 leather armour of cold resistance
 o - a scarf of repulsion (worn)
 p - a +0 helmet (worn)
Jewellery
 d - a ring of willpower (right hand)
 e - an amulet of the acrobat (around neck)
 g - a ring of willpower (left hand)
 l - a ring of positive energy
Scrolls
 a - 4 scrolls of identify
 b - 3 scrolls of teleportation
Potions
 c - 2 potions of curing
 f - 4 potions of heal wounds
 i - a potion of might
 q - 3 potions of magic
 r - a potion of mutation

Dungeon Overview and Level Annotations

Branches:
Dungeon (9/15)             Temple (1/1) D:6
   Lair: D:8-11         Orc: D:9-12

Altars:
Ashenzari
Cheibriados
Dithmenos
Elyvilon
Fedhas
Gozag
Hepliaklqana
Kikubaaqudgha
Makhleb
Nemelex Xobeh
Okawaru
Qazlal
Sif Muna
Trog
Uskayaw
Vehumet
Wu Jian
Xom
Yredelemnul
Zin
The Shining One

Shops:
D:8 !


Message History

The yak is almost dead.
The yak gores you! The yak completely misses you.
5958 ||| READING 5 scrolls of teleportation.
As you read the scroll of teleportation, it crumbles to dust.
You feel strangely unstable. The yak barely misses you. The yak misses you.
5959 ||| DRINKING 5 potions of heal wounds.
You feel much better. The yak gores you but does no damage.
The yak barely misses you.
You shoot an arrow. The arrow hits the yak!
You kill the yak!
Okawaru accepts your kill. The yak gores you but does no damage.
Your base Fighting skill increases to level 4!
You shoot an arrow. The arrow hits the yak!!
The yak is severely wounded.
The yak barely misses you.
You shoot an arrow. The arrow hits the yak!!
You kill the yak!
Okawaru accepts your kill.
Your surroundings suddenly seem different. 6 yaks come into view.
Found a scroll of enchant armour and a wand of flame (4).
You shoot an arrow.
The arrow hits the yak but does no damage.
The yak bellows!
You feel like a meek peon again.
The yak bellows! x3
5964 ||| INVOKING Heroism.
You gain the combat prowess of a mighty hero.
The yak bellows! x2
The yak gores you!
You shoot an arrow. The arrow hits the yak!
The yak is moderately wounded.
The yak gores you!
5966 ||| READING 4 scrolls of teleportation.
As you read the scroll of teleportation, it crumbles to dust.
You feel strangely unstable. The yak barely misses you.
The yak closely misses you. The yak gores you!
You die...

#### #
#...########.
.........../
#.........#
#.....Y...#
#...YYY@..#
#...Y..Y..#
#.........#
#........?..
.....###.####
..... .. ###.
.# ## .#


You could see 6 yaks.

Vanquished Creatures
  A cyclops (D:8)
  Prince Ribbit (D:6)
  A wyvern (D:8)
  6 yaks (D:9)
  2 steam dragons
  Menkaure (D:7)
  2 water moccasins
  An orc warrior (D:8)
  An ice beast (D:7)
  A centaur (D:6)
  An ogre (D:4)
  2 phantoms
  A kobold brigand (D:8)
  2 scorpions (D:5)
  A bullfrog (D:7)
  2 howler monkeys
  A jelly (D:4)
  3 hounds
  2 orc priests (D:5)
  2 iguanas (D:6)
  2 orc wizards
  A gnoll (D:1)
  4 adders
  4 white imps
  An ufetubus (D:5)
  2 worms
  2 dart slugs
  16 orcs
  A bat (D:1)
  5 endoplasms
  2 giant cockroaches
  3 goblins
  4 hobgoblins
  4 jackals
  11 kobolds
  4 quokkas
  3 ball pythons
  2 frilled lizards
  2 rats
107 creatures vanquished.

Notes
Turn   | Place    | Note
-------+----------+-------------------------------------------
     0 | D:1      | qw the Deep Elf Hunter began the quest for the Orb.
     0 | D:1      | Reached XP level 1. HP: 12/12 MP: 3/3
     0 | D:1      | 0 ||| qw: Version: 0.3-a-22-g0ed2b0b
     0 | D:1      | 0 ||| qw: Game counter: 5437
     0 | D:1      | 0 ||| qw: Melee chars always use a shield: true
     0 | D:1      | 0 ||| qw: God list: Okawaru
     0 | D:1      | 0 ||| qw: Allow faded altars: false
     0 | D:1      | 0 ||| qw: Do Orc after clearing Dungeon:15 true
     0 | D:1      | 0 ||| qw: Do second Lair branch before Depths: true
     0 | D:1      | 0 ||| qw: Lair rune preference: random
     0 | D:1      | 0 ||| qw: Goals: Normal
     0 | D:1      | 0 ||| PLANNING D:1-11
   125 | D:1      | Reached skill level 6 in Ranged Weapons
   125 | D:1      | Reached XP level 2. HP: 16/16 MP: 4/4
   522 | D:1      | 522 ||| UPGRADING to +2 pair of boots.
   527 | D:1      | 527 ||| READING 7 scrolls labelled ALUKLUASAXT.
   528 | D:1      | 528 ||| READING scroll labelled COMUSUOZUC.
   529 | D:1      | 529 ||| READING scroll labelled GYMMOA VANNECK.
   530 | D:1      | 530 ||| READING scroll labelled MONITE GOREJ.
   531 | D:1      | 531 ||| READING scroll labelled QUMOEPN ERPHOMAFI.
   534 | D:1      | 534 ||| DRINKING 2 smoky coppery potions.
   535 | D:1      | 535 ||| READING 6 scrolls of identify.
   535 | D:1      | 535 ||| IDENTIFYING orange potion
   536 | D:1      | 536 ||| READING 5 scrolls of identify.
   536 | D:1      | 536 ||| IDENTIFYING viscous blue potion
   537 | D:1      | 537 ||| READING 4 scrolls of identify.
   537 | D:1      | 537 ||| IDENTIFYING emerald potion
   538 | D:1      | 538 ||| DROPPING scroll of butterflies.
   539 | D:1      | 539 ||| DROPPING potion of degeneration.
   540 | D:1      | 540 ||| DROPPING potion of attraction.
   680 | D:2      | Reached XP level 3. HP: 20/20 MP: 5/5
   797 | D:2      | 797 ||| READING scroll labelled KEHYUR RESE.
   798 | D:2      | 798 ||| READING scroll labelled VAELONTY VIQUNIE.
   799 | D:2      | 799 ||| READING 3 scrolls of identify.
   799 | D:2      | 799 ||| IDENTIFYING ruby potion
   800 | D:2      | 800 ||| DROPPING potion of brilliance.
   959 | D:3      | 959 ||| READING scroll labelled LIDAOS RUVETI.
   961 | D:3      | 961 ||| Stepping ~*~*~tactically~*~*~ (cloud).
   965 | D:3      | HP: 5/20 [poisoned by you (poison gas)]
   969 | D:3      | HP: 2/20 [poisoned by you (poison gas)]
  1143 | D:3      | Reached skill level 7 in Ranged Weapons
  1192 | D:3      | 1192 ||| UPGRADING to amulet of the acrobat.
  1197 | D:3      | 1197 ||| READING 2 scrolls of identify.
  1197 | D:3      | 1197 ||| IDENTIFYING clear potion
  1198 | D:3      | 1198 ||| DROPPING potion of invisibility.
  1256 | D:3      | 1256 ||| STAIRDANCE
  1395 | D:2      | Found a faded altar of an unknown god.
  1457 | D:2      | 1457 ||| UPGRADING to +1 cloak.
  1462 | D:2      | 1462 ||| UPGRADING to ring of willpower.
  1463 | D:2      | 1463 ||| READING scroll labelled JAEKLI VAEH.
  2014 | D:3      | Reached XP level 4. HP: 22/25 MP: 6/6
  2072 | D:3      | 2072 ||| UPGRADING to ring of willpower.
  2172 | D:4      | Reached skill level 8 in Ranged Weapons
  2236 | D:4      | Reached XP level 5. HP: 28/29 MP: 7/7
  2281 | D:4      | Noticed an ogre
  2288 | D:4      | Killed an ogre
  2289 | D:4      | Reached skill level 9 in Ranged Weapons
  2351 | D:4      | Reached skill level 3 in Dodging
  2487 | D:4      | Reached XP level 6. HP: 35/35 MP: 8/8
  2557 | D:4      | 2557 ||| DROPPING +1 heavy sling.
  2573 | D:4      | Found a shadowy altar of Dithmenos.
  2638 | D:4      | 2638 ||| UPGRADING to +0 ring mail.
  2648 | D:4      | 2648 ||| DROPPING +0 leather armour.
  2649 | D:4      | 2649 ||| READING 4 scrolls of identify.
  2649 | D:4      | 2649 ||| IDENTIFYING fuming ruby potion
  2650 | D:4      | 2650 ||| DROPPING potion of berserk rage.
  2680 | D:5      | Entered Level 5 of the Dungeon
  2845 | D:5      | Reached skill level 1 in Armour
  3196 | D:5      | Reached skill level 10 in Ranged Weapons
  3196 | D:5      | Reached XP level 7. HP: 40/40 MP: 9/9
  3411 | D:5      | Found a hazy altar of Hepliaklqana.
  3414 | D:5      | 3414 ||| UPGRADING to +0 robe of resistance.
  3424 | D:5      | 3424 ||| UPGRADING to scarf of repulsion.
  3434 | D:5      | 3434 ||| DROPPING ring of flight.
  3435 | D:5      | 3435 ||| READING scroll labelled YNASHR WUMPOFIN.
  3436 | D:5      | 3436 ||| READING scroll labelled LYTTAVV UQAEZ.
  3437 | D:5      | 3437 ||| READING 4 scrolls of identify.
  3437 | D:5      | 3437 ||| IDENTIFYING cyan potion
  3438 | D:5      | 3438 ||| DROPPING potion of ambrosia.
  3658 | D:6      | Found a sparkling altar of Nemelex Xobeh.
  3658 | D:6      | Found a bloodstained altar of Trog.
  3660 | D:6      | Found a shimmering blue altar of Sif Muna.
  3726 | D:6      | Reached skill level 11 in Ranged Weapons
  3758 | D:6      | 3758 ||| SWAPPING to +0 orcbow.
  3759 | D:6      | 3759 ||| DROPPING +1 shortbow.
  3781 | D:6      | 3781 ||| READING scroll of enchant armour.
  3781 | D:6      | 3781 ||| ENCHANTING +0 robe of resistance.
  3941 | D:6      | Noticed Prince Ribbit
  3950 | D:6      | Killed Prince Ribbit
  3951 | D:6      | Reached skill level 12 in Ranged Weapons
  3951 | D:6      | Reached XP level 8. HP: 21/45 MP: 10/10
  3956 | D:6      | 3956 ||| FLEEEEING.
  4108 | D:6      | Found a staircase to the Ecumenical Temple.
  4109 | D:6      | 4109 ||| PLANNING TEMPLE
  4109 | D:6      | 4109 ||| READING scroll labelled OHEFIH HIABEMM.
  4115 | Temple   | Entered the Ecumenical Temple
  4173 | Temple   | 4173 ||| PLANNING OKAWARU WORSHIP
  4228 | Temple   | Became a worshipper of Warmaster Okawaru
  4229 | Temple   | 4229 ||| PLANNING D:1-11
  4545 | D:7      | Reached skill level 3 in Fighting
  4562 | D:7      | You fall into a shaft and drop 1 floor!
  4649 | D:8      | Noticed a cyclops
  4659 | D:8      | Killed a cyclops
  4659 | D:8      | Reached * piety under Okawaru
  4660 | D:8      | Reached skill level 13 in Ranged Weapons
  4710 | D:8      | 4710 ||| UPGRADING to +0 helmet.
  4715 | D:8      | 4715 ||| READING scroll labelled LOILLE RISYHO.
  4716 | D:8      | 4716 ||| READING 5 scrolls of identify.
  4716 | D:8      | 4716 ||| IDENTIFYING glowing black potion
  4723 | D:7      | 4723 ||| FLEEEEING.
  4724 | D:7      | 4724 ||| FLEEEEING.
  4867 | D:7      | Noticed Menkaure
  4868 | D:7      | 4868 ||| INVOKING Heroism.
  4870 | D:7      | Killed Menkaure
  4871 | D:7      | Reached skill level 1 in Invocations
  4871 | D:7      | Reached XP level 9. HP: 51/51 MP: 8/12
  5130 | D:7      | 5130 ||| READING scroll labelled KOSHRU TIUCA.
  5131 | D:7      | 5131 ||| DRINKING 3 purple potions.
  5213 | D:8      | 5213 ||| INVOKING Heroism.
  5350 | D:8      | 5350 ||| INVOKING Heroism.
  5517 | D:8      | Reached ** piety under Okawaru
  5518 | D:8      | Reached skill level 14 in Ranged Weapons
  5518 | D:8      | Reached skill level 3 in Invocations
  5594 | D:8      | Found Ogoas Eske's Distillery.
  5602 | D:8      | 5602 ||| BUYING potion of curing (42 gold).
  5602 | D:8      | Bought a potion of curing for 42 gold pieces
  5602 | D:8      | 5602 ||| BUYING potion of heal wounds (70 gold).
  5602 | D:8      | Bought a potion of heal wounds for 70 gold pieces
  5879 | D:8      | 5879 ||| READING 5 scrolls of identify.
  5879 | D:8      | 5879 ||| IDENTIFYING fuming blue potion
  5908 | D:9      | 5908 ||| INVOKING Heroism.
  5924 | D:9      | 5924 ||| INVOKING Heroism.
  5928 | D:9      | Reached skill level 6 in Dodging
  5950 | D:9      | 5950 ||| INVOKING Heroism.
  5955 | D:9      | Reached skill level 15 in Ranged Weapons
  5957 | D:9      | HP: 1/51 [yak (14)]
  5958 | D:9      | 5958 ||| READING 5 scrolls of teleportation.
  5959 | D:9      | 5959 ||| DRINKING 5 potions of heal wounds.
  5964 | D:9      | 5964 ||| INVOKING Heroism.
  5965 | D:9      | HP: 5/52 [yak (11)]
  5966 | D:9      | 5966 ||| READING 4 scrolls of teleportation.
  5966 | D:9      | Slain by a yak

Levels and vault maps discovered:
D:1:      evilmike_arrival_grusome_pit, layout_basic, hangedman_decor_riveting,
          minmay_pentomino_s4
D:2:      layout_basic, shapermc_ecumenical_altar_gd, grunt_ministairs_1
D:3:      layout_basic, amethyst_killhole
D:4:      layout_basic, mainiacjoe_overflow_alcove_2
D:5:      layout_rooms, nzn_hepliaklqana_mist_gate
D:6:      layout_basic, grunt_temple_overflow_open, minmay_temple_entry_hall,
          minivault_22, dk_rats_in_the_wall, uniq_prince_ribbit1
D:7:      layout_rooms, serial_glass, glass_columns_a, glass_columns_a,
          item_on_display_b, minmay_strange_pillars, kennysheep_generic_room_10,
          uniq_menkaure
D:8:      layout_loops_corners, serial_shops, shop, chequers_mini_garden,
          minmay_statues_item
D:9:      layout_basic, mainiacjoe_overflow_boulevard, serial_corexii_hall,
          corexii_hall_statues_u, chequers_hall_statues_corner_a,
          corexii_hall_statues_t, chequers_hall_statues_wall_a,
          grunt_ministairs_2
Temple:   nicolae_temple_superstar

Skill      XL: |  1  2  3  4  5  6  7  8  9 |
---------------+----------------------------+-----
Ranged Weapons | 6 7 8 9 10 12 13 15 | 15.4
Dodging        | 3 4 5 6 |  6.1
Fighting       | 2 3 4 |  4.1
Armour         | 1 |  1.3
Invocations    | 1 4 |  4.2
Stealth        | |  1.2

Action                     |  1- 3 |  4- 6 |  7- 9 || total
---------------------------+-------+-------+-------++-------
   Fire: Shortbow          |    86 |   146 |    46 ||   278
         Orcbow            |       |       |   132 ||   132
 Invoke: Heroism           |       |       |     7 ||     7
    Use: Scroll            |    14 |     1 |    11 ||    26
         Potion            |     1 |       |     2 ||     3
 Armour: Leather armour    |    14 |    19 |       ||    33
         Ring mail         |       |    10 |     5 ||    15
         Robe              |       |       |    15 ||    15
  Dodge: Dodged            |    20 |    18 |    64 ||   102
         Repelled          |       |       |     3 ||     3

Table legend:
 A = Non-vault XP
 B = Vault XP
 C = Vault XP percentage of total XP
 D = Non-vault monster count
 E = Vault monster count
 F = Vault count percentage of total count
                 A         B        C        D         E       F
            +---------+---------+-------+---------+---------+-------
      Total |    4443 |     497 |  10.1 |      99 |       8 |   7.5
            +---------+---------+-------+---------+---------+-------
        D:1 |      20 |      17 |  45.9 |      10 |       3 |  23.1
        D:2 |      28 |       3 |   9.7 |       7 |       2 |  22.2
        D:3 |      65 |       0 |   0.0 |       7 |       0 |   0.0
        D:4 |     253 |       0 |   0.0 |      26 |       0 |   0.0
        D:5 |     573 |       0 |   0.0 |      12 |       0 |   0.0
        D:6 |     423 |     277 |  39.6 |       9 |       1 |  10.0
        D:7 |     240 |     200 |  45.5 |       5 |       2 |  28.6
        D:8 |    1381 |       0 |   0.0 |      16 |       0 |   0.0
        D:9 |    1460 |       0 |   0.0 |       7 |       0 |   0.0
            +---------+---------+-------+---------+---------+-------
